 Dungeon Crawl Stone Soup version 0.32-a0-30-gefbe487952 (webtiles) character file.

Game seed: 6682729813532121471

10985 jasper the Basher (level 11, -9/89 HPs)
             Began as an Armataur Fighter on Jan 19, 2024.
             Was a Priest of Okawaru.
             Mangled by a minotaur
             ... wielding a +0 demon whip of electrocution
              (14 damage)
             ... in a Gauntlet.
             The game lasted 00:17:11 (10606 turns).

jasper the Basher (Armataur Fighter)               Turns: 10606, Time: 00:17:11

Health: -9/89      AC: 23    Str: 32    XL:     11   Next: 43%
Magic:  12/13      EV: 14    Int:  8    God:    Okawaru [***...]
Gold:   220        SH:  7    Dex: 10    Spells: 10/10 levels left

rFire   . . .        t - +5 whip (venom)
rCold   + . .        c - +1 buckler
rNeg    . . .        K - +7 Kryia's mail coat {PotionHeal*2 rC+}
rPois   .            q - +0 helmet
rElec   .            Z - +0 cloak
rCorr   .            s - +2 pair of gloves
SInv    .            (no barding)
Will    .....        (no amulet)
Stlth   +            r - +5 ring of evasion
HPRegen 2.94/turn    E - +6 ring of strength
MPRegen 1.45/turn

%: no teleportation, roll
@: heroic
A: large, deformed body, tough skin 3, armoured tail, roll 2, low MP 1
a: Renounce Religion, Heroism


You were in a Gauntlet.
You worshipped Okawaru.
Okawaru was most pleased with you.
You visited 2 branches of the dungeon, and saw 12 of its levels.
You also visited: Gauntlet.

You collected 684 gold pieces.
You spent 464 gold pieces at shops.

Inventory:

Hand Weapons
 a - a +0 flail of venom
 f - a +2 whip of freezing
 t - a +5 whip of venom (weapon)
Missiles
 e - 50 stones
 h - 12 javelins
 i - a curare-tipped dart
 l - 19 poisoned darts
 w - 3 throwing nets
 A - 4 boomerangs (quivered)
Armour
 b - a +0 scale mail
 c - a +1 buckler (worn)
 m - the +0 toga "Victory" {*Victory Clar}
   (You took it off a kobold demonologist on level 11 of the Dungeon)

   *Victory:  When the wearer kills a threatening monster, it has a chance to
   gain +1 AC, +1 Slay, and +1 Int, capping at +7.
   When the wearer uses a scroll or a potion with a hostile monster in sight,
   its bonuses reset to +0.
   Unequipping it also resets its bonuses to +0.
   Clar:      It protects you from confusion, rage, mesmerisation and fear.
 q - a +0 helmet (worn)
 s - a +2 pair of gloves (worn)
 F - an orb of mayhem
 J - +0 steam dragon scales
 K - the +7 Kryia's mail coat (worn) {PotionHeal*2 rC+}
   (You took it off a gnoll on level 7 of the Dungeon)

   PotionHeal*2: Potions heal its wearer twice as much.
   rC+:       It protects you from cold.
 M - a +1 pair of gloves of dexterity
 Z - a +0 cloak (worn)
Jewellery
 j - a ring of ice
 r - a +5 ring of evasion (left hand)
 y - a ring of magical power
 B - a ring of positive energy
 C - a +4 ring of protection
 E - a +6 ring of strength (right hand)
 N - a ring of protection from fire
 Y - a ring of fire
Wands
 k - a wand of flame (25)
 n - a wand of charming (15)
 G - a wand of digging (14)
Scrolls
 g - a scroll of fear
 I - 3 scrolls of teleportation
 P - 2 scrolls of poison
 R - 3 scrolls of enchant armour
 V - a scroll of fog
 W - a scroll of vulnerability
 X - a scroll of torment
Potions
 o - 2 potions of enlightenment
 p - 4 potions of attraction
 u - 3 potions of mutation
 v - 2 potions of haste
 x - 4 potions of brilliance
 z - a potion of ambrosia
 H - 2 potions of degeneration
 L - 4 potions of curing
 Q - a potion of cancellation
 S - a potion of might
 T - a potion of magic


   Skills:
 - Level 6.2(11.2) Fighting
 - Level 12.0(17.0) Maces & Flails
 + Level 4.7(9.7) Throwing
 - Level 8.0(13.0) Armour
 - Level 7.3(12.3) Shields
 + Level 5.2 Invocations


You had 10 spell levels left.
You didn't know any spells.
Your spell library contained the following spells:

 Spells                   Type           Power      Damage    Failure   Level
 Sandblast                Erth           0%         2d4       63%         1
 Slow                     Hex            0%         N/A       63%         1
 Confusing Touch          Hex            0%         N/A       94%         3
 Gell's Gravitas          Tloc           0%         N/A       94%         3
 Passwall                 Erth           0%         N/A       94%         3
 Sigil of Binding         Hex            0%         N/A       94%         3
 Stone Arrow              Conj/Erth      0%         3d7       94%         3
 Teleport Other           Tloc           0%         N/A       94%         3
 Vampiric Draining        Necr           0%         2d6       94%         3
 Anguish                  Hex/Necr       0%         N/A       100%        4
 Brom's Barrelling Bould  Conj/Erth      0%         2d3       100%        4
 Cause Fear               Hex            0%         N/A       100%        4
 Passage of Golubria      Tloc           0%         N/A       100%        4
 Alistair's Intoxication  Alch           0%         N/A       100%        5
 Borgnjor's Vile Clutch   Necr/Erth      0%         N/A       100%        5
 Silence                  Hex/Air        0%         N/A       100%        5
 Conjure Ball Lightning   Conj/Air       0%         3x3d6     100%        6
 Dispersal                Tloc           0%         N/A       100%        6
 Eringya's Noxious Bog    Alch           0%         4d6       100%        6
 Enfeeble                 Hex            0%         N/A       100%        7
 Discord                  Hex            0%         N/A       100%        8
 Disjunction              Tloc           0%         N/A       100%        8
 Lehudib's Crystal Spear  Conj/Erth      0%         10d2      100%        8


Dungeon Overview and Level Annotations

Branches:
Dungeon (11/15)            Temple (1/1) D:7            Lair (0/5) D:9
    Orc (0/2) D:9         Gauntlet (1/1)

Altars:
Ashenzari
Cheibriados
Dithmenos
Elyvilon
Fedhas
Gozag
Hepliaklqana
Kikubaaqudgha
Makhleb
Nemelex Xobeh
Okawaru
Qazlal
Ru
Sif Muna
Trog
Uskayaw
Vehumet
Wu Jian
Xom
Yredelemnul
Zin
The Shining One

Shops:
D:1 *   D:5 ?   D:8 !   D:10 *

Annotations:
Gauntlet 12 transporters


Innate Abilities, Weirdness & Mutations

Armour fits poorly on your strangely shaped body.
You have extremely tough skin. (AC +3)
You have a long armoured tail.
You regenerate magic and health when rolling toward enemies. (Rampage Regen)
Your magical capacity is low. (-10% MP)


Message History

The roots release their grip on the minotaur.
You roll towards the minotaur!
The minotaur is no longer moving slowly.
You regained 2 hp, and now have 9/89 hp.
You roll towards the minotaur!
You regained 2 hp, and now have 11/89 hp.
You roll towards the minotaur!
You hit the minotaur but do no damage.
The minotaur looks even sicker.
The minotaur is severely wounded.
The minotaur hits you with a +0 demon whip of electrocution!
* * * LOW HITPOINT WARNING * * *
The minotaur gores you but does no damage.
You take 9 damage, and have 2/89 hp.
You barely miss the minotaur.
The minotaur furiously retaliates!
The minotaur headbutts you, but does no damage.
You tail-slap the minotaur, but do no damage.
The minotaur is severely wounded.
You regained 2 hp, and now have 4/89 hp.
You hit the minotaur but do no damage.
The minotaur is severely wounded.
You block the minotaur's attack. The minotaur gores you.
* * * LOW HITPOINT WARNING * * *
You take 2 damage, and have 2/89 hp.
Okay, then.
Unknown command.
Okay, then.
You hit the minotaur.
The minotaur looks as sick as possible!
The minotaur is severely wounded.
You regained 2 hp, and now have 4/89 hp.
You whack the minotaur!
The minotaur looks as sick as possible!
The minotaur is almost dead.
You block the minotaur's attack. x2
You regained 2 hp, and now have 6/89 hp.
You hit the minotaur but do no damage.
The minotaur is almost dead.
You gain the combat prowess of a mighty hero.
The minotaur hits you with a +0 demon whip of electrocution.
* * * LOW HITPOINT WARNING * * *
You are electrocuted!
You die...

##.#.....H.#.## #H.#.#####.#..#
#.##. #.##.# #.#.. #..#H# #.#H#
##...# #.#. #.#.# #.#. #.#.#
#.############# #..H@.........#
#########.#########
#≈...............≈# ## ###
####8..©.©.©.©.©.©..8#### 8# #8#
#8##≈...............≈##8#
#################################
..................≈∩≈............
.................................
#######.###########.###########.#


You could see a minotaur (extremely poisoned).

Vanquished Creatures
  2 two-headed ogres
  2 death scarabs (Gauntlet)
  A spectral death yak (Gauntlet)
  Maurice (D:10)
  An ugly thing (D:11)
  Joseph (D:7)
  Jeremiah (D:6)
  An unseen horror (D:11)
  An ice devil (Gauntlet)
  A kobold demonologist (D:11)
  A troll (D:9)
  6 yaks (D:8)
  A spectral black mamba (Gauntlet)
  3 wyverns
  A chaos spawn (Gauntlet)
  A steam dragon (D:7)
  A neqoxec (Gauntlet)
  An acid dragon (D:8)
  A water moccasin (D:7)
  2 ice beasts (D:6)
  An orc warrior (D:10)
  3 sky beasts
  2 ogres (D:6)
  3 centaurs
  5 kobold brigands
  A weeping skull (D:3)
  Blork the orc (D:4)
  4 bullfrogs
  2 gnoll sergeants (D:7)
  2 scorpions (D:6)
  5 wights (D:8)
  10 killer bees
  4 howler monkeys
  2 bombardier beetles
  A jelly (D:6)
  2 hounds (D:4)
  3 orc priests
  3 iguanas
  3 gnoll boudas
  8 orc wizards
  25 gnolls
  6 adders
  4 white imps
  3 ufetubi
  3 ribbon worms
  5 dart slugs
  25 orcs
  4 ball pythons
  4 endoplasms
  3 giant cockroaches
  5 goblins
  5 hobgoblins
  6 jackals
  4 quokkas
  10 bats
  2 frilled lizards
  13 kobolds
  6 rats
  A spectral orc (D:3)
229 creatures vanquished.

Vanquished Creatures (others)
  An ufetubus (D:7)
1 creature vanquished.

Grand Total: 230 creatures vanquished

Notes
Turn   | Place    | Note
-------+----------+-------------------------------------------
     0 | D:1      | jasper the Armataur Fighter began the quest for the Orb.
     0 | D:1      | Reached XP level 1. HP: 18/18 MP: 1/1
    60 | D:1      | Reached skill level 2 in Maces & Flails
   144 | D:1      | Found Lihihuho's General Store.
   246 | D:1      | Reached XP level 2. HP: 25/25 MP: 2/2
   439 | D:1      | Reached skill level 3 in Maces & Flails
   776 | D:2      | Reached XP level 3. HP: 30/30 MP: 3/3
  1237 | D:1      | Bought a potion of berserk rage for 70 gold pieces
  1692 | D:3      | Reached skill level 4 in Maces & Flails
  1692 | D:3      | Reached XP level 4. HP: 37/37 MP: 4/4
  1947 | D:3      | Found a broken altar of Ashenzari.
  2027 | D:3      | Found a basalt altar of Yredelemnul.
  2027 | D:3      | Noticed a weeping skull
  2037 | D:3      | Killed a weeping skull
  2038 | D:3      | Reached skill level 5 in Maces & Flails
  2038 | D:3      | Reached XP level 5. HP: 35/42 MP: 5/5
  2668 | D:4      | Noticed Blork the orc
  2681 | D:4      | Killed Blork the orc
  2682 | D:4      | Reached XP level 6. HP: 26/50 MP: 6/6
  2686 | D:4      | Reached skill level 6 in Maces & Flails
  2936 | D:4      | Found an opulent altar of Gozag.
  3682 | D:5      | Entered Level 5 of the Dungeon
  3734 | D:5      | Found Guedgh's Magic Scroll Shop.
  3747 | D:5      | Bought a scroll of teleportation for 33 gold pieces
  4125 | D:6      | Noticed an ice beast
  4210 | D:6      | Reached skill level 7 in Maces & Flails
  4233 | D:6      | Gained mutation: You regenerate magic and health when
                  | rolling toward enemies. (Rampage Regen) [Armataur growth]
  4233 | D:6      | Reached XP level 7. HP: 54/56 MP: 7/7
  4416 | D:6      | Noticed Jeremiah
  4642 | D:7      | Found a staircase to the Ecumenical Temple.
  4646 | D:7      | Noticed a steam dragon
  4665 | D:7      | Killed a steam dragon
  4666 | D:7      | Reached skill level 8 in Maces & Flails
  4679 | Temple   | Entered the Ecumenical Temple
  4761 | D:7      | Noticed a wyvern
  4779 | D:7      | Killed a wyvern
  4807 | D:7      | Reached XP level 8. HP: 62/62 MP: 8/8
  4811 | D:7      | Noticed Joseph
  4831 | D:7      | Killed Joseph
  4832 | D:7      | Reached skill level 9 in Maces & Flails
  5060 | D:7      | Reached skill level 10 in Maces & Flails
  5297 | D:7      | Reached skill level 11 in Maces & Flails
  5297 | D:7      | Reached XP level 9. HP: 68/68 MP: 9/9
  5650 | D:8      | Found Sigruemymi's Distillery.
  5660 | D:8      | Bought a potion of heal wounds for 65 gold pieces
  5660 | D:8      | Bought a potion of curing for 39 gold pieces
  5660 | D:8      | Bought a potion of heal wounds for 65 gold pieces
  5660 | D:8      | Bought a potion of might for 52 gold pieces
  5835 | D:8      | Reached skill level 12 in Maces & Flails
  5937 | D:8      | Found a radiant altar of Vehumet.
  6066 | D:8      | Reached skill level 5 in Armour
  6244 | D:8      | Reached skill level 5 in Shields
  6384 | D:8      | Reached XP level 10. HP: 79/79 MP: 10/10
  6529 | D:6      | Killed Jeremiah
  6773 | D:6      | Reached skill level 5 in Fighting
  7909 | D:9      | Found a hide-covered altar of Uskayaw.
  7949 | D:9      | Found a staircase to the Orcish Mines.
  7983 | D:9      | Found a staircase to the Lair.
  8068 | D:9      | Found a burning altar of Makhleb.
  8358 | D:9      | Found a shimmering blue altar of Sif Muna.
  8715 | D:10     | Entered Level 10 of the Dungeon
  8837 | D:10     | Found an iron altar of Okawaru.
  8900 | D:10     | Became a worshipper of Warmaster Okawaru
  8992 | D:10     | Found Qihetz's Assorted Antiques.
  8994 | D:10     | Noticed Maurice
  8998 | D:10     | Something stole a ring of fire
  9004 | D:10     | Something stole 9 javelins
  9012 | D:10     | Something stole a +1 heavy flail
  9038 | D:10     | Something stole an orb of mayhem
  9040 | D:10     | Killed Maurice
  9051 | D:10     | Bought a scroll labelled PIUGUE MUEPRAL for 35 gold pieces
  9051 | D:10     | Bought a potion of curing for 105 gold pieces
  9175 | D:10     | Noticed a two-headed ogre
  9183 | D:10     | Killed a two-headed ogre
  9183 | D:10     | Reached * piety under Okawaru
  9450 | D:10     | Found a hazy altar of Hepliaklqana.
  9482 | D:10     | Found an ornate altar of the Wu Jian Council.
  9751 | D:11     | Noticed a green ugly thing
  9767 | D:11     | Killed a green ugly thing
  9768 | D:11     | Reached skill level 1 in Throwing
  9768 | D:11     | Reached skill level 1 in Invocations
  9856 | D:11     | Noticed a two-headed ogre
  9866 | D:11     | Reached XP level 11. HP: 48/89 MP: 12/12
  9867 | D:11     | Killed a two-headed ogre
  9867 | D:11     | Reached ** piety under Okawaru
  9901 | D:11     | Found a gate leading to a gauntlet.
  9912 | Gauntlet | Entered a Gauntlet
  9912 | Gauntlet | Found a transporter.
  9921 | Gauntlet | Found a transporter.
  9936 | Gauntlet | Found a transporter.
  9941 | Gauntlet | Found a transporter.
  9958 | Gauntlet | Found a transporter.
  9976 | Gauntlet | Found a transporter.
  9986 | Gauntlet | Noticed a death scarab
  9988 | Gauntlet | Found a transporter.
  9997 | Gauntlet | Noticed a death scarab
 10000 | Gauntlet | Found a transporter.
 10003 | Gauntlet | Noticed a fire crab
 10012 | Gauntlet | Found a transporter.
 10022 | Gauntlet | Noticed a hell hog
 10027 | Gauntlet | Found a transporter.
 10041 | Gauntlet | Found a transporter.
 10059 | Gauntlet | Found a transporter.
 10061 | Gauntlet | Found a transporter.
 10067 | Gauntlet | Noticed a death scarab
 10088 | Gauntlet | Found a transporter.
 10088 | Gauntlet | Found a transporter.
 10108 | Gauntlet | Found a transporter.
 10188 | Gauntlet | Found a transporter.
 10212 | Gauntlet | Found a transporter.
 10331 | Gauntlet | Gained mutation: Your magical capacity is low. (-10% MP) [a
                  | neqoxec]
 10350 | Gauntlet | Identified the +1 broad axe of Ragnarok {pain, rPois rCorr}
 10442 | Gauntlet | Killed a death scarab
 10457 | Gauntlet | Reached *** piety under Okawaru
 10460 | Gauntlet | Killed a death scarab
 10461 | Gauntlet | Reached skill level 5 in Invocations
 10543 | Gauntlet | Identified the +7 chain mail "Haef" {Str+5}
 10543 | Gauntlet | Noticed a minotaur
 10587 | Gauntlet | HP: 3/89 [minotaur/javelin (28)]
 10600 | Gauntlet | HP: 2/89 [minotaur/+0 demon whip of electrocution (11)]
 10606 | Gauntlet | Mangled by a minotaur

Illustrated notes

Levels and vault maps discovered:
D:1:      scummos_arrival_simple_crosswalls, layout_loops_cross, serial_shops,
          shop
D:2:      layout_basic, fountainhead
D:3:      minmay_evil_eye, layout_loops_ring, nicolae_ashenzari_skybound,
          yredelemnul_forgotten_temple_becter
D:4:      layout_basic, grunt_gozag_breadcrumbs, nicolae_ossuary_entry_monument,
          kennysheep_nub, minmay_misc_feat_rugged, uniq_blork_the_orc
D:5:      layout_cave_pools, serial_shops, shop
D:6:      layout_basic, serial_co_window_serial, co_window_corner_a,
          co_window_of_opportunity_a, co_window_paths_a,
          co_window_of_opportunity_a, co_window_paths_a, co_window_broadway_b,
          co_window_unsneaky_path_e, co_window_broadway_b, co_window_broadway_b,
          co_window_of_opportunity_b, co_window_corner_b, co_window_broadway_a,
          co_window_paths_d, glass_columns_b, glass_columns_a, glass_columns_b,
          uniq_jeremiah
D:7:      layout_rooms, minmay_temple_entry_stoned_glass, uniq_joseph
D:8:      layout_basic, vehumet_altar_wand_db, serial_shops, shop_fountains
D:9:      layout_layer_cave, eat_drink_and_be_merry_uskayaw,
          nicolae_sif_muna_little_library, mainiacjoe_overflow_24_doors,
          orc_0_dummy
D:10:     layout_loops_ring, overflow_temple_1_default,
          mainiacjoe_overflow_two_lobes, serial_shops, shop, uniq_maurice
D:11:     layout_grid_maze, gauntlet_entry_generic, ebering_ghost_inner_flame,
          fedhas_altar_fruit_tree
Temple:   nicolae_temple_ecumenical_triangle
Gauntlet: gammafunk_gauntlet_one_two_three [gammafunk_gauntlet_arena_teeth,
          nicolae_gauntlet_arena_flowing_pool, gammafunk_gauntlet_arena_hedges,
          gammafunk_gauntlet_arena_crates, nicolae_gauntlet_arena_x,
          gammafunk_gauntlet_arena_split_x, gammafunk_gauntlet_arena_corners,
          gammafunk_gauntlet_arena_open, gammafunk_gauntlet_arena_spirals,
          dreamdust_gauntlet_exit_labyrinth]

Skill      XL: |  1  2  3  4  5  6  7  8  9 10 11 |
---------------+----------------------------------+-----
Maces & Flails | 2 3 4 5 7 8 11 12 | 12.0
Fighting       | 4 6 |  6.2
Armour         | 5 8 |  8.0
Shields        | 5 7 |  7.3
Throwing       | 2 4 |  4.7
Invocations    | 2 5 |  5.2

Action                     |  1- 3 |  4- 6 |  7- 9 | 10-12 || total
---------------------------+-------+-------+-------+-------++-------
  Melee: Whip              |    99 |   138 |   296 |   310 ||   843
         Tailslap          |    11 |    11 |    30 |    46 ||    98
         Flail             |       |     5 |       |       ||     5
  Throw: Stone             |     2 |     1 |       |       ||     3
         Boomerang         |       |    13 |       |       ||    13
         Dart              |       |       |       |     3 ||     3
 Invoke: Heroism           |       |       |       |     6 ||     6
  Evoke: Wand              |       |       |       |    11 ||    11
    Use: Scroll            |     5 |     6 |     4 |    10 ||    25
         Potion            |       |     1 |     3 |     5 ||     9
 Armour: Scale mail        |    41 |    65 |   120 |   202 ||   428
  Dodge: Dodged            |    23 |    55 |   101 |   127 ||   306
  Block: Buckler           |    16 |    13 |    45 |    80 ||   154

Table legend: (Time is in decaauts)
 A = Elapsed time spent in this place.
 B = Non-inter-level travel time spent in this place.
 C = Inter-level travel time spent in this place.
 D = Time resting spent in this place.
 E = Time spent auto-exploring this place.
 F = Levels seen in this place.
 G = Mean time per level.
                   A        B        C        D        E       F      G
               +--------+--------+--------+--------+--------+-----+--------+
         Total |  10355 |   9789 |    566 |    503 |   7333 |  13 |  796.5 |
       Dungeon |   9495 |   8929 |    566 |    336 |   6974 |  11 |  863.2 |
        Temple |    168 |    168 |      0 |    164 |      0 |   1 |  168.0 |
      Gauntlet |    691 |    691 |      0 |      2 |    359 |   1 |  691.0 |
               +--------+--------+--------+--------+--------+-----+--------+

Top non-repeatable levels by time:
     D:6: 1316 daAuts
     D:4: 1222 daAuts
     D:8: 1011 daAuts
     D:9: 1003 daAuts
     D:3: 976 daAuts
    D:10: 916 daAuts
     D:1: 819 daAuts
     D:7: 803 daAuts
     D:2: 733 daAuts
Gauntlet: 691 daAuts
     D:5: 467 daAuts
    D:11: 223 daAuts
  Temple: 168 daAuts
